 Dungeon Crawl Stone Soup version 0.29-a0-315-gaf6dd05e2f (webtiles) character file.

Game seed: 9132166893825740958

43 mopl the Twirler (level 3, -6/29 HPs)
             Began as a Palentonga Gladiator on Mar 29, 2022.
             Mangled by a fire elemental (14 damage)
             ... created by the fiery vengeance of Ignis
             ... on level 2 of the Dungeon.
             The game lasted 00:01:17 (1248 turns).

mopl the Twirler (Palentonga Gladiator)             Turns: 1248, Time: 00:01:18

Health: -6/29      AC:  5    Str: 19    XL:     3   Next: 37%
Magic:  3/3        EV: 10    Int:  8    God:
Gold:   55         SH:  0    Dex: 11    Spells: 2/2 levels left

rFire   . . .      SeeInvis +   a - +0 quarterstaff
rCold   + . .      Faith    .   (shield currently unavailable)
rNeg    . . .      Spirit   .   b - +0 leather armour
rPois   .          Reflect  .   c - +0 helmet
rElec   .          Harm     .   (no cloak)
rCorr   .          Rampage  .   (no gloves)
Will    .....                   (no barding)
Stlth   +.........              (no amulet)
HPRegen 0.09/turn               o - ring of protection from cold
MPRegen 0.08/turn               p - +4 ring of slaying

@: slowed, fire susceptible, very slow
A: large, rugged brown scales 3, see invisible, deformed body, roll 1, armoured
tail
a: Rolling Charge


You were on level 2 of the Dungeon.
You visited 1 branch of the dungeon, and saw 2 of its levels.

You collected 55 gold pieces.

Inventory:

Hand Weapons
 a - a +0 quarterstaff (weapon)
Missiles
 d - 3 throwing nets (quivered)
 e - a javelin
Armour
 b - a +0 leather armour (worn)
 c - a +0 helmet (worn)
Jewellery
 h - a ring of fire
 o - a ring of protection from cold (left hand)
 p - a +4 ring of slaying (right hand)
Scrolls
 f - a scroll of identify {unknown}
 g - a scroll of teleportation {unknown}
 l - a scroll of enchant armour {unknown}
 m - a scroll of vulnerability {unknown}
 n - a scroll of enchant weapon {unknown}
Potions
 i - a potion of lignification {unknown}
 j - a potion of curing {unknown}
 k - a potion of attraction {unknown}


   Skills:
 + Level 2.3 Fighting
 * Level 3.5 Staves
 + Level 1.6 Throwing
 + Level 0.9 Armour
 + Level 2.6 Dodging


You had 2 spell levels left.
You didn't know any spells.
Your spell library was empty.

Dungeon Overview and Level Annotations

Branches:
Dungeon (2/15)

Altars:
Nemelex Xobeh
Ignis


Innate Abilities, Weirdness & Mutations

You are completely covered in rugged brown scales. (AC +3, +7% HP)
You have supernaturally acute eyesight. (SInv)
Armour fits poorly on your strangely shaped body.
You can roll at nearby foes to attack.
You have a long armoured tail.


Message History

The adder barely misses you.
You closely miss the adder.
The adder is severely wounded.
The adder bites you. The adder barely misses you.
You sock the adder!
You kill the adder!
No target in view!
No target in view!
No target in view!
No target in view!
No target in view!
There is an open door here.
p - a +4 ring of slaying A rat comes into view.
Found a robe.
You see here 10 gold pieces.
p - a +4 ring of slaying (right hand)
The rat bites you but does no damage.
You thump the rat!
You kill the rat!
No target in view!
No target in view!
No target in view!
No target in view!
No target in view!
No target in view!
No target in view!
You now have 45 gold pieces (gained 10).
You now have 55 gold pieces (gained 10). "Attack, my last stalwart servants!"
The divine experience drains your vigour!
You feel yourself slow down. 3 fire elementals come into view.
There are monsters nearby!
The fire elemental hits you. The fire elemental burns you!
The fire elemental hits you. The fire elemental burns you!
* * * LOW HITPOINT WARNING * * *
The fire elemental barely misses you. The fire elemental hits you.
The fire elemental burns you!
You die...

#.....'.......# #.#
##.....#####.#.###.#
........<# #.#.#...#
#####...## #.#.#.#†# #
...........#.#.#.#.####.##
.......>##..............[#
.####.#.##...#...........#
..#......###.#.#####.#
#.#..... .
#@#.#####.####### #.#.....
#E#○............+ #.#.#...
#EE°○°........## #..
#.○.○°.........#
#.....°........#
#..............#
#....$.........#
#..............#
#....$.........#


You could see 3 fire elementals.

Vanquished Creatures
  2 adders (D:2)
  A dart slug (D:1)
  A bat (D:1)
  3 endoplasms
  A giant cockroach (D:1)
  2 goblins (D:1)
  A hobgoblin (D:1)
  A quokka (D:1)
  2 ball pythons (D:1)
  2 frilled lizards (D:1)
  5 kobolds (D:1)
  2 rats
23 creatures vanquished.

Notes
Turn   | Place    | Note
-------+----------+-------------------------------------------
     0 | D:1      | mopl the Palentonga Gladiator began the quest for the Orb.
     0 | D:1      | Reached XP level 1. HP: 17/17 MP: 1/1
    79 | D:1      | Reached XP level 2. HP: 13/23 MP: 2/2
   738 | D:1      | Found a faded altar of an unknown god.
   742 | D:1      | Prayed at the altar of an unknown god.
   742 | D:1      | Became a worshipper of Ignis, the Dying Flame
   743 | D:1      | Fell from the grace of Ignis
  1033 | D:2      | Found a sparkling altar of Nemelex Xobeh.
  1051 | D:2      | Reached XP level 3. HP: 20/28 MP: 3/3
  1243 | D:2      | Noticed a fire elemental
  1243 | D:2      | Noticed a fire elemental
  1243 | D:2      | Noticed a fire elemental
  1248 | D:2      | Mangled by a fire elemental

Illustrated notes

Levels and vault maps discovered:
D:1:      lemuel_arrival_muddy, layout_loops_ring, ebering_ecumenical_altar_box,
          hangedman_decor_riveting
D:2:      layout_basic, basic_altar

Action                   || total
-------------------------++-------
Melee: Quarterstaff      ||    57
       Tailslap          ||     9
Invok: Renounce Religion ||     1
 Abil: Rolling Charge    ||     1
Armor: Leather armour    ||    20
Dodge: Dodged            ||    20

Table legend: (Time is in decaauts)
 A = Elapsed time spent in this place.
 B = Non-inter-level travel time spent in this place.
 C = Inter-level travel time spent in this place.
 D = Time resting spent in this place.
 E = Time spent auto-exploring this place.
 F = Levels seen in this place.
 G = Mean time per level.
                   A        B        C        D        E       F      G
               +--------+--------+--------+--------+--------+-----+--------+
         Total |   1258 |   1213 |     45 |    474 |    579 |   2 |  629.0 |
       Dungeon |   1258 |   1213 |     45 |    474 |    579 |   2 |  629.0 |
               +--------+--------+--------+--------+--------+-----+--------+

Top non-repeatable levels by time:
     D:1: 1033 daAuts
     D:2: 224 daAuts
